Map: Abiogenesis LE

Players

Kozzy

  • Race: Protoss Protoss
  • League: Gold
  • Spawn Location: 5:00

ElCoto - Winner!

  • Race: Zerg Zerg
  • Spawn Location: 11:00

VOD

Have the link to the VOD?

Description

Time

  • Played on: April 4, 2018, 3:01 p.m.
  • Length: 15:14
Show
View Real Time Build Order
Export as new Build Order

Kozzy Protoss 

Build Orders:  

Get SALT Encoding   

  12  0:01  Probe  
  13  0:13  Probe  
  14  0:17  Pylon  
  14  0:25  Probe  
  15  0:38  Probe (Chrono Boost)  
  16  0:43  Gateway  
  16  0:47  Probe (Chrono Boost)  
  17  0:52  Probe (Chrono Boost)  
  17  0:54  Assimilator  
  18  1:04  Probe  
  19  1:16  Probe  
  20  1:25  Pylon  
  20  1:30  Zealot  
  21  1:36  Gateway  
  21  1:41  Pylon  
  21  1:46  Cybernetics Core  
  21  1:47  Probe  
  22  1:56  Forge  
  22  2:03  Gateway  
  22  2:13  Zealot  
  24  2:16  Pylon  
  24  2:24  Zealot  
  24  2:26  Protoss Ground Weapons Level 1 (Chrono Boost)  
  26  2:38  Gateway  
  26  2:40  Gateway  
  26  2:46  Zealot  
  28  2:58  Pylon, Zealot  
  30  3:13  Zealot  
  30  3:19  Gateway  
  32  3:25  Zealot  
  32  3:26  Zealot  
  36  3:28  Zealot  
  38  3:40  Zealot  
  40  3:46  Photon Cannon  
  40  3:49  Pylon  
  40  3:59  Zealot  
  40  4:00  Zealot  
  44  4:11  Zealot  
  44  4:14  Zealot  
  48  4:19  Zealot  
  50  4:26  Zealot  
  52  4:44  Zealot x3  
  58  4:58  Zealot  
  58  4:59  Zealot  
  50  5:11  Zealot x3  
  50  5:30  Zealot x2  
  50  5:42  Zealot x2  
  46  5:56  Zealot  
  40  6:17  Assimilator  
  40  6:23  Cybernetics Core  
  40  6:25  Pylon  
  38  6:46  Protoss Ground Armor Level 1 (Chrono Boost)  
  38  7:01  Stalker  
  40  7:02  Photon Cannon  
  40  7:09  Probe (Chrono Boost)  
  40  7:13  Warp Gate  
  41  7:18  Stalker  
  41  7:19  Probe (Chrono Boost)  
  41  7:21  Shield Battery  
  44  7:24  Probe (Chrono Boost)  
  44  7:26  Stalker  
  47  7:31  Photon Cannon  
  47  7:35  Probe  
  47  7:36  Stalker  
  50  7:55  Twilight Council  
  50  8:25  Charge (Chrono Boost)  
  50  8:29  Nexus  
  50  8:37  Protoss Ground Weapons Level 2 (Chrono Boost)  
  50  9:03  Pylon  
  50  9:24  Stalker  
  50  9:25  Stalker x2  
  50  9:28  Zealot  
  58  9:37  Stalker  
  60  9:46  Probe  
  61  9:57  Zealot x2  
  43  10:40  Pylon  
  43  10:42  Zealot x5  
  47  10:52  Protoss Ground Weapons Level 3 (Chrono Boost)  
  47  10:55  Probe x2  
  49  11:04  Zealot x3  
  49  11:07  Probe  
  49  11:09  Probe  
  57  11:15  Stalker  
  57  11:16  Stalker  
  61  11:26  Zealot x2  
  65  11:33  Gateway  
  61  11:46  Zealot x3  
  49  12:04  Zealot x2  
  49  12:06  Zealot x2  
  49  12:08  Zealot  
  59  12:28  Zealot x3  
  59  12:29  Zealot  
  65  12:54  Zealot  
  65  12:55  Zealot x5  
  71  13:10  Templar Archives, Pylon  
  71  13:15  Pylon  
  71  13:21  Stalker, Shield Battery  
  71  13:23  Stalker  
  75  13:29  Stalker  
  77  13:47  Stalker x3  
  83  13:51  Stalker  
  43  14:23  Zealot x3  
  43  14:24  Zealot x2  
  33  14:44  Stalker x2  
  33  14:45  Stalker x3  
Show
View Real Time Build Order
Export as new Build Order

ElCoto Zerg - Winner!

Build Orders: Hatch First 

Get SALT Encoding   

  12  0:03  Drone  
  13  0:09  Drone  
  14  0:17  Overlord  
  14  0:45  Hatchery  
  14  0:46  Drone  
  14  0:50  Drone  
  14  0:55  Drone  
  16  0:59  Drone  
  16  1:03  Extractor  
  16  1:09  Overlord  
  16  1:23  Drone  
  17  1:32  Drone  
  18  1:37  Spawning Pool  
  17  1:40  Drone  
  18  1:56  Drone  
  19  2:10  Drone x2  
  19  2:11  Drone  
  22  2:16  Overlord  
  22  2:24  Queen  
  23  2:36  Lair  
  23  3:08  Drone x3  
  23  3:09  Drone x3, Hatchery  
  28  3:21  Pneumatized Carapace  
  28  3:27  Drone x2  
  28  3:28  Spine Crawler  
  29  3:35  Drone x5  
  29  3:39  Extractor  
  29  3:40  Extractor  
  29  3:41  Drone  
  33  3:52  Hydralisk Den  
  34  3:55  Drone x2  
  34  3:58  Queen  
  36  4:11  Drone x3  
  39  4:24  Hydralisk  
  39  4:25  Hydralisk x4  
  49  4:34  Zergling x2  
  44  4:48  Hydralisk x4  
  33  5:10  Hydralisk x3  
  37  5:32  Hydralisk x2  
  35  5:46  Hydralisk x2  
  34  5:54  Drone x4  
  34  5:55  Drone  
  36  6:08  Drone  
  34  6:14  Drone  
  35  6:23  Drone  
  36  6:30  Drone  
  37  6:37  Drone x2  
  39  6:40  Drone  
  40  6:49  Muscular Augments  
  40  7:08  Roach Warren  
  40  7:09  Drone x3  
  42  7:18  Drone x3  
  45  7:34  Overseer  
  45  7:37  Drone x5  
  50  7:45  Overlord  
  50  7:53  Overlord  
  50  8:07  Drone, Overlord x2  
  50  8:08  Drone  
  50  8:09  Drone x3  
  55  8:15  Overlord x2  
  55  8:35  Drone  
  55  8:37  Roach  
  55  8:38  Roach x4  
  55  8:41  Glial Reconstitution  
  66  8:44  Roach x2  
  70  8:48  Queen  
  70  8:54  Roach x2  
  76  8:57  Queen  
  78  9:09  Roach x2  
  86  9:10  Roach x2  
  86  9:16  Overseer  
  86  9:27  Drone x4  
  86  9:31  Evolution Chamber  
  89  9:33  Evolution Chamber  
  89  9:36  Roach  
  90  9:53  Overlord x3  
  78  10:14  Roach x8  
  80  10:18  Queen x2  
  74  10:43  Roach x3  
  74  10:44  Roach x5  
  90  10:59  Zerg Missile Weapons Level 1  
  90  11:00  Zerg Ground Armor Level 1  
  90  11:10  Zergling x2  
  90  11:11  Roach x3  
  97  11:16  Overlord x3  
  97  11:17  Overlord  
  97  11:24  Overlord x2  
  97  11:29  Drone  
  98  11:33  Extractor  
  98  11:38  Roach x4  
  98  11:39  Roach x3  
  87  11:48  Roach x2  
  77  12:01  Overseer  
  77  12:03  Roach x2  
  77  12:04  Roach x4  
  77  12:05  Roach  
  91  12:12  Ravager  
  91  12:13  Ravager x4  
  91  12:14  Ravager  
  97  12:17  Zergling x4  
  97  12:18  Zergling x4  
  101  12:31  Drone  
  101  12:33  Drone x4  
  106  12:39  Extractor  
  106  12:41  Drone x4  
  106  12:42  Hydralisk  
  109  12:49  Drone x4  
  110  12:58  Drone x4  
  111  13:04  Overlord  
  112  13:13  Hydralisk x2  
  112  13:14  Hydralisk  
  118  13:21  Zergling x6  
  118  13:22  Zergling x4  
  123  13:48  Roach x2  
  123  13:49  Roach x6  
  123  13:50  Roach  
  104  14:22  Roach x4  
  104  14:23  Roach x8  
  124  14:29  Roach x2  
  120  14:50  Roach  
  120  14:51  Roach x7  
  120  14:52  Roach x4  
Tags
 
League
Gold
Matchup
PvZ
Spawn Locations
Cross Positions
Add a new tag
Caveats
  • Supply blocks, unpowered buildings, or Contaminate may cause inaccurate times.
  • Supply counts are checked every 10 seconds.